Map: Lightshade LE

Players

Armani

  • Race: Zerg Zerg
  • Spawn Location: 11:00

Neeb - Winner!

  • Race: Protoss Protoss
  • Spawn Location: 5:00

Event: DreamHack SC2 Masters 2020 Winter

VOD

Have the link to the VOD?

Description

Time

  • Played on: Nov. 10, 2020, 11:13 a.m.
  • Length: 16:03

All games in this series

Show
View Real Time Build Order
Export as new Build Order

Armani Zerg 

Build Orders: Hatch First, Lurkers 

Get SALT Encoding   

  12  0:00  Drone  
  13  0:13  Overlord  
  13  0:17  Drone  
  14  0:32  Drone x2  
  16  0:51  Hatchery  
  16  0:52  Drone  
  16  0:55  Drone  
  17  1:00  Drone  
  17  1:03  Extractor  
  17  1:16  Spawning Pool  
  16  1:18  Drone  
  16  1:22  Drone  
  18  1:28  Drone  
  19  1:39  Drone  
  20  1:51  Drone  
  21  2:03  Queen x2, Zergling x2  
  21  2:06  Metabolic Boost  
  26  2:10  Overlord  
  26  2:16  Drone x2  
  28  2:29  Zergling x2  
  29  2:31  Drone  
  29  2:35  Drone  
  29  2:36  Drone  
  32  2:44  Hatchery  
  31  2:46  Drone  
  31  2:47  Drone  
  33  2:52  Queen  
  33  2:57  Drone  
  36  3:01  Overlord  
  36  3:20  Drone x2  
  36  3:21  Drone, Overlord  
  36  3:22  Drone x2  
  41  3:27  Drone  
  41  3:29  Spore Crawler  
  41  3:31  Queen  
  41  3:33  Drone  
  44  3:37  Evolution Chamber  
  44  3:38  Drone  
  44  3:40  Drone  
  45  3:48  Spore Crawler  
  44  3:49  Overlord  
  44  3:56  Drone x4  
  44  4:02  Queen  
  48  4:06  Zerg Missile Weapons Level 1  
  48  4:07  Queen  
  52  4:10  Drone x3  
  52  4:12  Overlord  
  55  4:17  Zergling x6  
  58  4:24  Roach Warren  
  58  4:26  Drone  
  55  4:31  Spore Crawler  
  55  4:32  Drone  
  55  4:34  Drone x2  
  57  4:40  Drone x2  
  57  4:41  Drone  
  61  4:45  Drone x6  
  61  4:50  Overlord  
  61  4:51  Drone  
  65  4:58  Drone  
  66  5:01  Lair  
  66  5:03  Extractor  
  66  5:04  Extractor  
  64  5:08  Drone x2  
  64  5:09  Drone  
  64  5:11  Drone x2  
  69  5:16  Drone x2  
  69  5:17  Drone  
  69  5:18  Drone, Overlord x2  
  69  5:19  Overlord  
  73  5:24  Drone, Extractor  
  73  5:25  Drone x2, Extractor  
  74  5:31  Drone x3  
  74  5:33  Drone  
  73  5:41  Drone x5  
  78  5:46  Hatchery  
  78  5:48  Drone  
  78  5:49  Drone  
  79  5:50  Drone  
  79  5:55  Drone  
  79  5:57  Extractor  
  80  5:58  Drone x3  
  80  5:59  Drone  
  80  6:00  Drone  
  80  6:01  Hydralisk Den  
  80  6:02  Overseer  
  80  6:03  Zerg Missile Weapons Level 2  
  80  6:13  Evolution Chamber  
  80  6:15  Drone x4  
  80  6:18  Overlord  
  83  6:19  Overseer  
  83  6:23  Overlord x2  
  83  6:31  Grooved Spines, Hydralisk x5  
  93  6:37  Infestation Pit  
  93  6:38  Hydralisk x2  
  93  6:39  Hydralisk  
  98  6:41  Zergling x2  
  99  6:48  Zergling x4  
  99  6:59  Hydralisk x7  
  113  7:02  Overlord x2  
  113  7:04  Drone x2  
  115  7:10  Zerg Ground Armor Level 1  
  115  7:15  Drone x4  
  118  7:21  Hive  
  119  7:24  Drone  
  119  7:26  Overlord  
  119  7:27  Lurker Den, Overlord x2  
  119  7:30  Hydralisk  
  119  7:32  Drone x2  
  119  7:33  Spore Crawler  
  119  7:34  Extractor  
  119  7:36  Hydralisk  
  123  7:37  Extractor  
  123  7:42  Muscular Augments  
  122  7:45  Drone x5  
  122  7:46  Drone  
  122  7:48  Drone  
  122  7:49  Drone x3  
  122  7:50  Drone x3  
  135  7:52  Pneumatized Carapace  
  135  7:55  Zergling x6  
  135  7:57  Drone  
  139  8:11  Hydralisk x7  
  139  8:12  Hydralisk  
  154  8:20  Drone x2  
  154  8:21  Drone x2  
  154  8:25  Spine Crawler  
  154  8:26  Spine Crawler  
  156  8:29  Hatchery  
  156  8:31  Overseer  
  156  8:32  Overlord, Overseer  
  156  8:33  Overlord x2  
  155  8:34  Overlord  
  155  8:38  Seismic Spines  
  155  8:41  Zerg Missile Weapons Level 3  
  155  8:47  Overlord  
  155  8:48  Overlord  
  154  8:50  Zergling x8  
  158  9:00  Zergling x2  
  158  9:01  Zergling x20  
  169  9:04  Drone x3  
  169  9:07  Spine Crawler  
  171  9:10  Zerg Ground Armor Level 2  
  171  9:22  Lurker x8  
  177  9:34  Hydralisk  
  177  9:35  Adaptive Talons, Hydralisk x4  
  179  9:46  Lurker  
  179  9:47  Lurker  
  179  9:48  Zergling x12  
  179  9:49  Zergling x26, Overseer  
  199  9:54  Extractor x2  
  199  9:57  Lurker x2  
  199  10:05  Spine Crawler  
  199  10:06  Drone  
  199  10:07  Spine Crawler x2  
  199  10:09  Spine Crawler  
  196  10:21  Hydralisk x2  
  193  10:40  Viper x3  
  193  10:47  Hydralisk x9  
  191  10:54  Hydralisk x3  
  188  11:02  Overseer  
  188  11:03  Hydralisk x4  
  182  11:06  Zergling x2  
  182  11:07  Zergling x28  
  148  11:20  Hydralisk x2  
  148  11:21  Hydralisk x4  
  148  11:27  Drone x3  
  148  11:28  Drone x2  
  153  11:34  Drone  
  153  11:35  Drone x3  
  153  11:36  Hydralisk x2  
  161  11:44  Hydralisk x5  
  171  11:49  Drone x3  
  171  11:50  Drone  
  171  11:53  Lurker x3  
  177  11:57  Lurker  
  178  12:02  Spine Crawler  
  178  12:03  Lurker  
  178  12:04  Lurker, Spine Crawler x2  
  177  12:08  Overlord  
  177  12:11  Lurker  
  177  12:12  Lurker  
  177  12:13  Overlord  
  177  12:14  Overlord x2  
  179  12:20  Drone x2  
  179  12:22  Overlord x2  
  181  12:23  Hatchery  
  181  12:28  Hydralisk x5  
  189  12:37  Overseer x4  
  188  12:46  Lurker x3  
  188  12:47  Lurker x2  
  193  12:54  Zerg Melee Weapons Level 1  
  193  13:05  Spire  
  193  13:10  Hydralisk x2  
  193  13:11  Hydralisk x2  
  136  13:28  Hydralisk x12  
  136  13:30  Zergling x16  
  136  13:31  Zergling x36  
  173  13:39  Hydralisk x5  
  158  13:48  Hydralisk  
  158  13:49  Hydralisk x2  
  139  13:57  Hydralisk x3  
  128  14:07  Hydralisk x3  
  102  14:13  Hydralisk  
  102  14:14  Hydralisk  
  98  14:19  Hydralisk x2  
  93  14:28  Zergling x4  
  69  14:42  Zergling x8  
  54  15:07  Hydralisk Den  
  54  15:10  Drone x11  
  54  15:12  Lurker  
  54  15:13  Lurker  
  54  15:14  Lurker  
  67  15:16  Lurker  
  67  15:20  Drone  
  68  15:22  Drone  
  68  15:23  Overseer  
  68  15:28  Drone  
  70  15:30  Drone  
  70  15:32  Drone  
Show
View Real Time Build Order
Export as new Build Order

Neeb Protoss - Winner!

Build Orders: 1 Gate Expand, Oracle Opening, Carriers 

Get SALT Encoding   

  12  0:00  Probe  
  13  0:12  Probe  
  14  0:20  Pylon  
  14  0:24  Probe  
  15  0:38  Probe (Chrono Boost)  
  15  0:39  Gateway  
  16  0:47  Probe (Chrono Boost)  
  16  0:49  Assimilator  
  17  0:52  Probe (Chrono Boost)  
  18  1:04  Probe  
  19  1:16  Probe  
  20  1:27  Nexus  
  20  1:36  Cybernetics Core  
  20  1:39  Probe  
  21  1:44  Assimilator  
  21  1:51  Probe  
  21  1:53  Pylon  
  22  2:03  Probe (Chrono Boost)  
  23  2:10  Adept (Chrono Boost)  
  23  2:13  Probe (Chrono Boost)  
  26  2:18  Probe (Chrono Boost)  
  26  2:20  Stargate  
  27  2:26  Pylon  
  27  2:33  Adept  
  27  2:37  Warp Gate, Probe (Chrono Boost)  
  30  2:41  Probe (Chrono Boost)  
  33  2:51  Probe (Chrono Boost)  
  33  2:52  Probe (Chrono Boost)  
  33  2:55  Gateway  
  33  2:56  Probe (Chrono Boost)  
  34  2:59  Probe  
  34  3:00  Void Ray (Chrono Boost)  
  35  3:08  Probe  
  35  3:12  Probe  
  41  3:18  Pylon  
  41  3:20  Probe  
  41  3:24  Probe  
  43  3:32  Probe  
  44  3:36  Probe  
  44  3:37  Assimilator  
  44  3:38  Oracle (Chrono Boost)  
  44  3:39  Assimilator  
  48  3:44  Probe  
  48  3:46  Pylon  
  48  3:48  Probe  
  50  3:56  Probe  
  50  4:00  Probe  
  50  4:02  Oracle (Chrono Boost)  
  52  4:07  Pylon  
  52  4:08  Probe  
  56  4:10  Robotics Facility  
  56  4:12  Probe  
  57  4:21  Probe  
  57  4:24  Pylon  
  58  4:29  Adept x2  
  62  4:35  Probe  
  62  4:37  Nexus  
  63  4:42  Probe  
  62  4:53  Probe, Immortal (Chrono Boost)  
  62  4:55  Probe  
  68  5:01  Sentry x2  
  68  5:04  Shield Battery  
  68  5:05  Probe  
  73  5:07  Probe  
  73  5:10  Forge  
  73  5:12  Twilight Council  
  72  5:17  Probe  
  72  5:19  Probe  
  74  5:22  Immortal (Chrono Boost)  
  78  5:41  Pylon  
  78  5:42  Gateway  
  78  5:46  Pylon  
  78  5:47  Observer  
  80  5:50  Zealot, Sentry  
  80  5:51  Probe (Chrono Boost)  
  80  5:54  Probe x2 (Chrono Boost)  
  86  6:00  Probe (Chrono Boost)  
  86  6:03  Probe x2 (Chrono Boost)  
  89  6:04  Protoss Ground Weapons Level 1 (Chrono Boost)  
  89  6:05  Probe (Chrono Boost)  
  89  6:08  Charge  
  90  6:13  Probe x2  
  90  6:14  Immortal  
  90  6:17  Assimilator, Probe  
  90  6:18  Assimilator  
  97  6:22  Gateway  
  97  6:23  Gateway  
  97  6:25  Gateway, Probe  
  97  6:26  Probe  
  97  6:30  Probe  
  100  6:34  Templar Archives  
  100  6:38  Probe  
  100  6:39  Probe  
  102  6:43  Probe  
  103  6:50  Immortal (Chrono Boost)  
  103  6:51  Nexus  
  105  6:56  Gateway  
  105  6:57  Gateway  
  105  7:05  Pylon x2  
  105  7:08  Pylon  
  105  7:09  Pylon  
  105  7:12  Psionic Storm  
  105  7:17  Shield Battery  
  105  7:20  High Templar x2, Pylon  
  109  7:25  High Templar  
  109  7:26  High Templar  
  109  7:27  Probe  
  109  7:28  Probe x2  
  116  7:32  Photon Cannon  
  116  7:33  High Templar  
  116  7:36  Photon Cannon  
  118  7:38  High Templar, Shield Battery x2  
  118  7:43  Immortal (Chrono Boost)  
  120  7:49  Probe x3  
  120  7:50  Photon Cannon  
  127  7:55  Photon Cannon  
  127  7:57  Pylon  
  127  7:58  Assimilator  
  127  7:59  Assimilator  
  127  8:01  High Templar, Zealot, Probe  
  127  8:03  Probe  
  127  8:04  Probe  
  134  8:12  Immortal (Chrono Boost)  
  135  8:16  Pylon  
  135  8:19  Protoss Ground Weapons Level 2 (Chrono Boost)  
  138  8:25  Fleet Beacon  
  138  8:29  Photon Cannon  
  138  8:30  Photon Cannon  
  138  8:33  Photon Cannon, Pylon  
  138  8:35  High Templar  
  138  8:36  High Templar  
  142  8:41  Archon  
  142  8:46  Immortal  
  146  8:56  Photon Cannon  
  146  8:58  Photon Cannon  
  146  8:59  Stargate x2  
  146  9:02  Photon Cannon, Protoss Air Weapons Level 1 (Chrono Boost)  
  146  9:04  Shield Battery  
  146  9:25  Gateway  
  146  9:31  Gateway  
  146  9:33  Carrier (Chrono Boost)  
  146  9:34  Gateway  
  146  9:36  Gateway  
  146  9:38  Gateway  
  146  9:42  Carrier (Chrono Boost)  
  146  9:43  Carrier (Chrono Boost)  
  158  9:50  Photon Cannon  
  158  9:51  Shield Battery  
  164  10:01  High Templar x2  
  164  10:03  Observer (Chrono Boost)  
  169  10:09  Archon, Pylon  
  169  10:11  Photon Cannon  
  169  10:12  Pylon x2  
  167  10:27  Zealot x6  
  179  10:32  Carrier  
  185  10:39  Carrier  
  185  10:40  Carrier  
  185  10:53  Zealot x6  
  191  11:04  Observer  
  141  11:19  High Templar x5, Zealot  
  141  11:20  Zealot x2  
  141  11:21  Probe x3  
  141  11:22  Immortal (Chrono Boost)  
  141  11:23  Probe  
  157  11:26  Assimilator  
  157  11:29  Photon Cannon  
  155  11:33  Protoss Shields Level 1 (Chrono Boost), Probe  
  155  11:34  Protoss Air Weapons Level 2 (Chrono Boost)  
  155  11:39  Pylon  
  156  11:45  High Templar, Zealot x3  
  156  11:46  Zealot x4  
  172  11:54  Photon Cannon  
  172  11:55  Pylon  
  172  11:56  Warp Prism (Chrono Boost)  
  172  11:58  Shield Battery  
  172  11:59  Shield Battery  
  174  12:13  High Templar x4  
  174  12:14  Zealot x4  
  190  12:18  Archon x2  
  186  12:40  High Templar x4, Zealot x3  
  186  12:41  Zealot x2  
  194  12:44  Archon  
  194  12:47  Archon  
  178  13:20  Archon  
  178  13:21  Zealot x4  
  178  13:22  Zealot x7  
  178  13:24  Zealot x2  
  166  13:45  Zealot x5  
  166  13:46  Zealot x8  
  144  14:03  Warp Prism  
  144  14:07  High Templar x2  
  144  14:08  High Templar x6  
  156  14:10  Carrier (Chrono Boost)  
  156  14:11  Carrier (Chrono Boost)  
  168  14:22  Carrier (Chrono Boost)  
  161  14:29  Probe x2  
  159  14:31  Zealot x4  
  161  14:42  Nexus  
  161  14:44  Pylon  
  141  14:53  Observer  
  134  15:04  High Templar  
  134  15:05  High Templar x4, Sentry  
  134  15:06  Photon Cannon, Zealot x2, Shield Battery  
  150  15:08  Carrier (Chrono Boost)  
  150  15:11  Archon x2  
  150  15:12  Archon  
  156  15:22  High Templar x2, Sentry  
  156  15:23  Zealot x2  
  156  15:27  Archon  
  166  15:29  Observer (Chrono Boost)  
  167  15:46  High Templar x2, Zealot x3  
  167  15:47  Assimilator, Zealot x2  
  167  15:49  Assimilator  
  179  15:52  Archon  
Tags
 
Add a new tag
Caveats
  • Supply blocks, unpowered buildings, or Contaminate may cause inaccurate times.
  • Supply counts are checked every 10 seconds.